 Dungeon Crawl Stone Soup version 0.20.1-1-g8b1a95d (webtiles) character file.

2312 slavko the Quickloader (level 9, 0/72 HPs)
             Began as a Centaur Arcane Marksman on Oct 8, 2017.
             Was a Follower of Fedhas.
             Slain by a hippogriff (4 damage)
             ... on level 8 of the Dungeon.
             The game lasted 01:03:28 (9397 turns).

slavko the Quickloader (Centaur Arcane Marksman)    Turns: 9397, Time: 01:03:29

Health: 0/72       AC:  7    Str: 12    XL:     9   Next: 18%
Magic:  15/15      EV: 11    Int: 12    God:    Fedhas [*.....]
Gold:   364        SH:  0    Dex: 14    Spells: 2/16 levels left

rFire    . . .     SeeInvis .   a - +0 hand crossbow
rCold    . . .     Gourm    .   (no shield)
rNeg     . . .     Faith    .   e - +2 robe
rPois    .         Spirit   .   B - +1 hat
rElec    .         Reflect  .   (no cloak)
rCorr    .         Harm     .   (no gloves)
MR       +....                  (no barding)
Stlth    +.........             (no amulet)
Regen    0.3/turn               k - ring of protection from magic
MPRegen  0.2/turn               v - ring of wizardry

@: very quick
A: hooves 3, deformed body, speed 2, tough skin 3
a: Fungal Bloom, Evolution, Renounce Religion


You were on level 8 of the Dungeon.
You worshipped Fedhas.
Fedhas was aware of your devotion.
You were not hungry.

You visited 1 branch of the dungeon, and saw 8 of its levels.

You collected 364 gold pieces.

Inventory:

Hand Weapons
 a - a +0 hand crossbow (weapon)
 g - a +0 hunting sling
 x - a +0 shortbow
Missiles
 d - 109 bolts (quivered)
 j - 210 arrows
 n - 5 exploding tomahawks
Armour
 e - a +2 robe (worn)
 B - a +1 hat (worn)
Jewellery
 k - a ring of protection from magic (left hand)
 v - a ring of wizardry (right hand)
 E - an uncursed amulet of rage {unknown}
Wands
 m - a wand of polymorph (9/24)
 s - a wand of confusion (24/48)
 C - a wand of scattershot (4/9)
Scrolls
 b - a scroll of teleportation
 q - 3 scrolls of immolation
 r - 3 scrolls of remove curse
 y - a scroll of blinking
 z - a scroll of amnesia {unknown}
 D - a scroll of recharging {unknown}
Potions
 h - a potion of flight
 i - 2 potions of lignification
 l - a potion of experience {unknown}
 o - 2 potions of ambrosia
 t - a potion of haste {unknown}
 u - a potion of might {unknown}
 w - a potion of magic {unknown}
Books
 c - a book of Debilitation

   Spells                             Type                      Level
   a - Corona                         Hexes                        1
   b - Slow                           Hexes                        2
   c - Inner Flame                    Hexes/Fire                   3
   d - Portal Projectile              Hexes/Translocation          3
   e - Cause Fear                     Hexes                        4
   f - Leda's Liquefaction            Hexes/Earth                  4
Comestibles
 f - 10 bread rations
 p - 11 fruits
 A - 2 meat rations


   Skills:
 + Level 4.6 Fighting
 + Level 9.1 Crossbows
 + Level 2.5 Dodging
 + Level 0.6 Stealth
 + Level 4.0 Spellcasting
 + Level 5.3 Hexes


You had 2 spell levels left.
You knew the following spells:

 Your Spells              Type           Power        Failure   Level  Hunger
a - Corona                Hex            ###....      1%          1    #......
b - Slow                  Hex            ###.....     1%          2    ##.....
c - Inner Flame           Hex/Fire       #.......     9%          3    ###....
d - Cause Fear            Hex            ###.......   11%         4    #####..
e - Leda's Liquefaction   Hex/Erth       #.........   28%         4    #####..


Dungeon Overview and Level Annotations

Branches:
Dungeon (8/15)             Temple (0/1) D:4            Lair (0/6) D:8

Altars:
Fedhas
Gozag
Kikubaaqudgha
Makhleb
Nemelex Xobeh
Okawaru
Ru
Sif Muna
Vehumet
Zin


Innate Abilities, Weirdness & Mutations

You have hooves in place of feet.
Armour fits poorly on your strangely shaped body.
You cover ground very quickly.
You have extremely tough skin. (AC +3)


Message History

The basilisk gazes at you. You resist with almost no effort.
You're too confused to move!
You feel less invigorated.
You feel less confused. The hippogriff bites you.
* * * LOW HITPOINT WARNING * * *
The hippogriff pecks you!
* * * LOW HITPOINT WARNING * * *
The hippogriff claws you.
* * * LOW HITPOINT WARNING * * *
The basilisk bites you.
* * * LOW HITPOINT WARNING * * *
The basilisk gazes at you. You resist with almost no effort.
The hippogriff bites you.
* * * LOW HITPOINT WARNING * * *
The hippogriff pecks you but does no damage.
The hippogriff claws you.
You die...
Fedhas appreciates your contribution to the ecosystem.

#...<........#
#............#
#............#
#............#
#######..<.......#
#............##### #.
>####ll....#### ##...
#.H.......##.....
#@........#......
........#..(.(.(.......
...####.#.............Y
#.#.######....... #.#.#
#..P... #.#.# #.....
#.#.# ##... #.#. ... #


You could see a hippogriff (inner flame) and 2 basilisks.

Vanquished Creatures
  Eustachio (D:6)
  A water moccasin (D:6)
  An orc warrior (D:7)
  2 ice beasts
  2 phantoms (D:5)
  An ogre (D:7)
  3 centaurs
  3 bullfrogs
  4 scorpions
  A water moccasin skeleton (D:6)
  A crimson imp (D:5)
  3 hounds
  3 iron imps (D:7)
  6 worker ants
  2 hound skeletons (D:6)
  A howler monkey skeleton (D:6)
  7 gnolls
  12 adders
  A shadow imp (D:6)
  2 oozes
  3 adder skeletons
  2 worms
  3 dart slugs
  7 leopard geckos
  11 orcs
  9 giant cockroaches
  10 goblins
  8 hobgoblins
  15 jackals
  6 quokkas
  5 ball pythons
  4 bats
  4 frilled lizards
  2 jackal skeletons (D:5)
  10 kobolds
  A leopard gecko skeleton (D:5)
  7 rats
164 creatures vanquished.

Vanquished Creatures (collateral kills)
  Menkaure (D:7)
  An ogre (D:4)
  An adder (D:4)
  An adder skeleton (D:4)
  2 orcs (D:4)
6 creatures vanquished.

Vanquished Creatures (others)
  47 toadstools
47 creatures vanquished.

Grand Total: 217 creatures vanquished

Notes
Turn   | Place    | Note
-------+----------+-------------------------------------------
     0 | D:1      | slavko the Centaur Arcane Marksman began the quest for the Orb.
     0 | D:1      | Reached XP level 1. HP: 16/16 MP: 2/2
   153 | D:1      | Reached XP level 2. HP: 23/23 MP: 3/3
   256 | D:1      | Learned a level 2 spell: Slow
   493 | D:1      | Reached XP level 3. HP: 20/28 MP: 4/4
   842 | D:2      | Reached skill level 3 in Crossbows
  1017 | D:2      | Found a radiant altar of Vehumet.
  1086 | D:2      | Found a blossoming altar of Fedhas.
  1107 | D:2      | Became a worshipper of Fedhas Madash
  1147 | D:2      | Reached XP level 4. HP: 28/35 MP: 5/5
  1152 | D:2      | Reached skill level 4 in Crossbows
  1153 | D:2      | Found an iron altar of Okawaru.
  1931 | D:2      | Found a glowing silver altar of Zin.
  2266 | D:3      | Reached XP level 5. HP: 39/41 MP: 6/6
  2275 | D:3      | Reached skill level 5 in Crossbows
  2643 | D:3      | Found an opulent altar of Gozag.
  2956 | D:4      | Reached * piety under Fedhas
  2975 | D:4      | Learned a level 3 spell: Inner Flame
  2990 | D:4      | Reached XP level 6. HP: 48/48 MP: 0/7
  3317 | D:4      | Found an ancient bone altar of Kikubaaqudgha.
  3938 | D:4      | Reached skill level 6 in Crossbows
  4056 | D:4      | Found a staircase to the Ecumenical Temple.
  4210 | D:5      | Entered Level 5 of the Dungeon
  4341 | D:5      | Reached XP level 7. HP: 49/56 MP: 5/9
  4468 | D:5      | Found a deep blue altar of Sif Muna.
  4834 | D:5      | Reached skill level 7 in Crossbows
  5061 | D:5      | Found a sacrificial altar of Ru.
  5091 | D:5      | Found a sparkling altar of Nemelex Xobeh.
  5308 | D:5      | Found an opulent altar of Gozag.
  5806 | D:6      | Noticed Eustachio
  5819 | D:6      | Reached XP level 8. HP: 44/63 MP: 11/11
  5825 | D:6      | Killed Eustachio
  6060 | D:5      | Learned a level 4 spell: Cause Fear
  6070 | D:6      | Reached skill level 8 in Crossbows
  7749 | D:6      | Learned a level 4 spell: Leda's Liquefaction
  7764 | D:7      | Reached skill level 5 in Hexes
  7946 | D:7      | Noticed Menkaure
  7955 | D:7      | Killed Menkaure
  7965 | D:7      | Reached XP level 9. HP: 40/72 MP: 11/14
  8630 | D:7      | Reached skill level 9 in Crossbows
  9150 | D:7      | Found a burning altar of Makhleb.
  9339 | D:8      | Found a staircase to the Lair.
  9342 | D:8      | Noticed an elephant
  9378 | D:8      | HP: 5/108 [basilisk (4)]
  9397 | D:8      | Slain by a hippogriff

Skill      XL: |  1  2  3  4  5  6  7  8  9 |
---------------+----------------------------+-----
Hexes          | 3 4 5 |  5.3
Crossbows      | 3 4 5 6 7 8 9 |  9.1
Fighting       | 2 3 4 |  4.6
Dodging        | 2 |  2.5
Spellcasting   | 2 3 4 |  4.0
Stealth        | |  0.6

Action                   |  1- 3 |  4- 6 |  7- 9 || total
-------------------------+-------+-------+-------++-------
Melee: Hand crossbow     |       |       |     4 ||     4
 Fire: Hand crossbow     |   104 |   211 |   281 ||   596
 Cast: Corona            |       |    25 |    34 ||    59
       Slow              |       |     4 |    20 ||    24
       Inner Flame       |       |     2 |     2 ||     4
       Cause Fear        |       |       |     1 ||     1
       Leda's Liquefacti |       |       |     1 ||     1
Invok: Fungal Bloom      |       |     9 |    17 ||    26
       Evolution         |       |     1 |     4 ||     5
  Use: Scroll            |     3 |     7 |     7 ||    17
       Potion            |       |       |     9 ||     9
  Eat: Chunk             |       |     3 |       ||     3
       Meat ration       |       |     2 |     3 ||     5
Armor: Robe              |    15 |    55 |    76 ||   146
       Skin              |       |       |   101 ||   101
Dodge: Dodged            |    30 |    69 |   105 ||   204
